 Dungeon Crawl Stone Soup version 0.27-a0-1529-g1e82c303ef (webtiles) character file.

Game seed: 8947615933663074406

5404 avis the Martial Artist (level 10, -10/66 HPs)
             Began as an Octopode Transmuter on July 11, 2021.
             Was an Initiate of Gozag.
             Mangled by a hell rat (14 damage)
             ... on level 10 of the Dungeon.
             The game lasted 01:17:35 (14415 turns).

avis the Martial Artist (Octopode Transmuter)      Turns: 14415, Time: 01:17:41

Health: -10/66     AC:  2    Str: 13    XL:     10   Next: 67%
Magic:  16/16      EV: 23    Int: 21    God:    Gozag
Gold:   236        SH:  0    Dex: 18    Spells: 2/17 levels left

rFire    + + .     SeeInvis .     - Unarmed
rCold    . . .     Faith    .   (shield currently unavailable)
rNeg     + . .     Spirit   .   (helmet currently unavailable)
rPois    .         Reflect  .   (no amulet)
rElec    .         Harm     .   p - ring of protection from fire
rCorr    .         Rampage  .   x - +6 ring of intelligence
Will     ++...                  B - ring of willpower
Stlth    ++........             d - ring of positive energy
HPRegen  0.21/turn              o - ring of protection from fire
MPRegen  0.15/turn              q - ring of wizardry
                                u - ring of poison resistance
                                S - ring of willpower

@: spider-form, on berserk cooldown, slowed, very slow
A: venomous fangs, almost no armour, (amphibious), 8 rings, tiny, (camouflage
1), (gelatinous body 1), (nimble swimmer 1), (tentacles)
a: End Transformation, Renounce Religion, Potion Petition, Call Merchant, Bribe
Branch


You were on level 10 of the Dungeon.
You worshipped Gozag.
Gozag was aware of your devotion.
You were a venomous arachnid creature.
You visited 2 branches of the dungeon, and saw 11 of its levels.
You also visited: Ossuary.

You collected 1025 gold pieces.
You spent 360 gold pieces at shops.
You paid 429 gold pieces to Gozag.

Inventory:

Hand Weapons
 b - a +1 hunting sling
 r - a +0 halberd of flaming
 w - a +5 rapier of holy wrath
 O - a +0 hand crossbow
 P - a +0 whip of draining
 Q - a +1 short sword of protection
 R - a +0 whip of freezing
Missiles
 i - 59 bolts
 k - 7 boomerangs of dispersal
 l - 78 arrows
 m - 459 stones
 s - 5 boomerangs
 v - 104 poisoned darts
 A - 48 sling bullets
Armour
 a - a +2 hat (melded)
Jewellery
 d - a ring of positive energy (on tentacle)
 g - a +6 ring of dexterity
 o - a ring of protection from fire (on tentacle)
 p - a ring of protection from fire (left front leg)
 q - a ring of wizardry (on tentacle)
 u - a ring of poison resistance (on tentacle)
 x - a +6 ring of intelligence (right front leg)
 B - a ring of willpower (on tentacle)
 S - a ring of willpower (on tentacle)
 T - an amulet of guardian spirit
Wands
 e - a wand of acid (8)
 t - a wand of flame (32)
 y - a wand of polymorph (8)
Scrolls
 h - 2 scrolls of enchant weapon
 j - a scroll of noise {unknown}
 n - a scroll of vulnerability {unknown}
 E - 2 scrolls of magic mapping {unknown}
 F - a scroll of fog
 L - 3 scrolls of teleportation
 U - a scroll of summoning {unknown}
 V - 2 scrolls of enchant armour
Potions
 c - 4 potions of heal wounds
 f - 2 potions of magic
 z - 2 potions of berserk rage
 C - 3 potions of ambrosia
 D - a potion of mutation
 H - 2 potions of haste
 I - a potion of cancellation {unknown}
 J - 2 potions of curing
 K - 4 potions of brilliance
 M - 2 potions of might
 N - 2 potions of flight
Miscellaneous
 G - a phantom mirror


   Skills:
 + Level 5.3 Fighting
 + Level 5.3 Dodging
 - Level 2.0 Stealth
 - Level 10.0 Unarmed Combat
 - Level 4.0 Spellcasting
 - Level 8.0 Transmutations
 - Level 4.0 Ice Magic
 - Level 2.0 Poison Magic


You had 2 spell levels left.
You knew the following spells:

 Your Spells              Type           Power      Damage    Failure   Level
a - Beastly Appendage     Tmut           74%        N/A       1%          1
p - Spider Form           Tmut/Pois      12%        N/A       6%          3
q - Ice Form              Ice/Tmut       29%        N/A       10%         4
D - Dragon Form           Tmut           18%        N/A       89%         7

Your spell library contained the following spells:

 Spells                   Type           Power      Damage    Failure   Level
 Wereblood                Tmut           37%        N/A       1%          2
 Ozocubu's Armour         Ice            21%        N/A       8%          3
 Alistair's Intoxication  Tmut/Pois      16%        N/A       30%         5
 Cause Fear               Hex            2%         N/A       58%         4
 Metabolic Englaciation   Hex/Ice        6%         N/A       65%         5
 Eringya's Noxious Bog    Tmut/Pois      12%        N/A       78%         6
 Borgnjor's Vile Clutch   Necr/Erth      2%         N/A       86%         5
 Simulacrum               Ice/Necr       6%         N/A       98%         6
 Dragon's Call            Summ           2%         N/A       100%        9


Dungeon Overview and Level Annotations

Branches:
Dungeon (10/15)            Temple (1/1) D:6         Ossuary (visited)
   Lair: D:8-11         Orc: D:9-12

Altars:
Ashenzari
Cheibriados
Dithmenos
Elyvilon
Fedhas
Gozag
Hepliaklqana
Kikubaaqudgha
Makhleb
Nemelex Xobeh
Okawaru
Qazlal
Ru
Sif Muna
Trog
Uskayaw
Vehumet
Wu Jian
Xom
Yredelemnul
Zin
The Shining One

Shops:
D:5 (   D:8 =   D:9 :

Annotations:
D:7 Explore firepit
D:10 Snorg


Innate Abilities, Weirdness & Mutations

You are a venomous arachnid creature.
You have poisonous fangs.
You are tiny and dextrous.
Your spellcasting is less reliable in this form.
Your armour is entirely melded.
You are incapable of wielding weapons or throwing items.
You cannot wear most types of armour.
((You are amphibious.))
You can wear up to eight rings at the same time.
((Your skin changes colour to match your surroundings (Stealth+).))
((Your rubbery body absorbs attacks. (AC +1, EV +1)))
((You are camouflaged near water. (Stealth+)))
((You have tentacles for arms and can constrict up to eight enemies at once.))


Message History

* * * LOW HITPOINT WARNING * * *
You hear a deafening roar!
Okay, then.
Unknown command.
Okay, then. [a] - 609 gold - lignification, might, resistance, brilliance and magic [b] - 486 gold - heal wounds, berserk rage and magic [c] - 351 gold - heal wounds, curing and berserk rage Purchase which effect?
You no longer have enough gold to petition Gozag for potion effects.
You feel much better.
You feel better.
A red film seems to cover your vision as you go berserk!
You feel yourself moving faster!
You feel mighty! Snorg bites you! Snorg completely misses you.
Snorg barely misses you.
A hell rat comes into view.
You feel a strong urge to attack something.
You feel your anger nearly subside.
A hell rat comes into view.
You are no longer berserk.
You are exhausted.
You feel yourself slow down.
The hell rat roars deafeningly!
You hear a bellow!
You hear a shout!
The hell rat misses you. The hell rat closely misses you. Snorg misses you.
Snorg completely misses you. Snorg barely misses you.
The hell rat barely misses you. The hell rat closely misses you.
Snorg completely misses you. Snorg misses you. Snorg barely misses you.
The hell rat completely misses you. x2
The hell rat closely misses you. Snorg bites you. Snorg barely misses you.
Snorg claws you. The hell rat barely misses you.
The hell rat completely misses you.
A rat comes into view.
A river rat comes into view.
There is a stone staircase leading down here.
Snorg closely misses you. x2; Snorg completely misses you.
The hell rat completely misses you. Snorg bites you!!
* * * LOW HITPOINT WARNING * * *
Snorg barely misses you. Snorg claws you but does no damage.
The hell rat bites you!
You die...
Your body crumbles into a pile of gold.

#.........##.............
#..........###...........
............##...........
........##..............>
.............)....#......
...#.............##......
...#.............#.......
......rrT.......#.......
...#...s........#.......
...##....................
..##..................##.
#..###.......##.....#.
..............#........
..r.....................
.......r................
..................#.....
......#...............


You could see Snorg (berserk, very poisoned), 2 hell rats and a river rat
(wandering).

Vanquished Creatures
  A manticore (D:9)
  Eustachio (D:5)
  A wyvern (D:6)
  6 yaks (D:9)
  Grum (D:9)
  2 steam dragons
  Menkaure (Ossuary)
  4 water moccasins
  An orc warrior (D:9)
  2 ice beasts (D:8)
  5 centaurs
  An ogre (D:6)
  3 wolves (D:9)
  A phantom (D:4)
  A kobold brigand (D:9)
  2 bullfrogs (D:7)
  2 scorpions
  A wyvern skeleton (D:7)
  A water moccasin skeleton (D:6)
  3 wights (D:9)
  3 killer bees (D:8)
  2 howler monkeys
  3 electric eels (D:10)
  2 centaur zombies
  3 hounds
  A bullfrog skeleton (D:7)
  2 orc priests
  6 iguanas
  3 orc wizards
  A scorpion zombie (D:5)
  A killer bee zombie (D:7)
  3 mummies (Ossuary)
  3 howler monkey skeletons
  8 adders
  A white imp (D:8)
  An ufetubus (D:6)
  4 dart slugs
  8 orcs
  5 ball pythons
  8 bats
  5 endoplasms
  A giant cockroach (D:1)
  7 goblins
  2 hobgoblins
  10 jackals
  15 kobolds
  3 quokkas
  3 frilled lizards
  7 gnoll skeletons (Ossuary)
  4 gnoll zombies (Ossuary)
  5 goblin skeletons (Ossuary)
  2 goblin zombies (Ossuary)
  4 hobgoblin skeletons (Ossuary)
  3 hobgoblin zombies (Ossuary)
  4 kobold skeletons (Ossuary)
  6 kobold zombies (Ossuary)
  2 orc skeletons (Ossuary)
  5 orc zombies (Ossuary)
  6 rats
  3 rat skeletons (Ossuary)
  5 rat zombies (Ossuary)
210 creatures vanquished.

Vanquished Creatures (others)
  10 plants (D:10)
10 creatures vanquished.

Grand Total: 220 creatures vanquished

Notes
Turn   | Place    | Note
-------+----------+-------------------------------------------
     0 | D:1      | avis the Octopode Transmuter began the quest for the Orb.
     0 | D:1      | Reached XP level 1. HP: 13/13 MP: 3/3
   342 | D:1      | Reached XP level 2. HP: 3/18 MP: 3/5
  1264 | D:1      | Reached skill level 4 in Unarmed Combat
  1287 | D:1      | Reached skill level 1 in Stealth
  1287 | D:1      | Reached XP level 3. HP: 23/23 MP: 6/6
  1770 | D:1      | Learned a level 3 spell: Spider Form
  1918 | D:2      | Reached skill level 1 in Poison Magic
  2690 | D:3      | Reached XP level 4. HP: 26/28 MP: 5/7
  2825 | D:3      | Found a faded altar of an unknown god.
  3225 | D:3      | Reached skill level 5 in Unarmed Combat
  3225 | D:3      | Reached XP level 5. HP: 33/33 MP: 5/8
  3514 | D:3      | Learned a level 4 spell: Ice Form
  4130 | D:4      | Noticed a phantom
  4141 | D:4      | Killed a phantom
  4142 | D:4      | Reached XP level 6. HP: 37/42 MP: 6/9
  4757 | D:4      | You fall into a shaft and drop 1 floor!
  4757 | D:5      | Entered Level 5 of the Dungeon
  4778 | D:5      | Found Siunk's Weapon Boutique.
  4826 | D:5      | Reached XP level 7. HP: 31/46 MP: 6/10
  4893 | D:5      | Reached skill level 6 in Unarmed Combat
  4983 | D:5      | Found a sand-covered staircase.
  4989 | Ossuary  | Entered an ossuary
  5718 | Ossuary  | Noticed Menkaure
  5735 | Ossuary  | Killed Menkaure
  5736 | Ossuary  | Reached skill level 7 in Unarmed Combat
  6418 | D:5      | Noticed Eustachio
  6465 | D:5      | Killed Eustachio
  6466 | D:5      | Reached skill level 5 in Fighting
  6466 | D:5      | Reached XP level 8. HP: 43/55 MP: 5/11
  7483 | D:6      | Found a staircase to the Ecumenical Temple.
  7517 | Temple   | Entered the Ecumenical Temple
  7635 | Temple   | Became a worshipper of Gozag Ym Sagoz the Greedy
  7705 | D:6      | Reached skill level 5 in Dodging
  8062 | D:6      | Noticed a wyvern
  8071 | D:6      | Killed a wyvern
  8072 | D:6      | Reached skill level 5 in Transmutations
  8139 | D:6      | Found a basalt altar of Yredelemnul.
  8509 | D:7      | Reached XP level 9. HP: 47/61 MP: 7/12
  9891 | D:8      | Found Watuv's Jewellery Emporium.
  9899 | D:8      | Bought a ring of wizardry for 360 gold pieces
 11215 | D:9      | Noticed a manticore
 11225 | D:9      | Killed a manticore
 11226 | D:9      | Reached skill level 8 in Unarmed Combat
 11590 | D:9      | Reached skill level 9 in Unarmed Combat
 11876 | D:9      | Noticed Grum
 11885 | D:9      | Killed Grum
 11893 | D:9      | Reached XP level 10. HP: 37/66 MP: 11/16
 12036 | D:9      | Learned a level 7 spell: Dragon Form
 12804 | D:9      | Found Ducw's Book Emporium.
 13084 | D:10     | Entered Level 10 of the Dungeon
 13108 | D:10     | Noticed Snorg
 14125 | D:10     | Reached skill level 10 in Unarmed Combat
 14415 | D:10     | Mangled by a hell rat

Illustrated notes

Levels and vault maps discovered:
D:1:      dpeg_arrival_chambers_temple_mockup, layout_basic, minmay_pentomino_q4
D:2:      layout_loops_ring, grunt_ministairs_13, corexii_shack
D:3:      layout_rooms, ebering_ecumenical_altar_sacrificial,
          hangedman_decor_riveting
D:4:      minmay_opposing_rooms, layout_basic, dk_vineyard_2
D:5:      layout_loops_ring, serial_shops, nicolae_lakefront_shop,
          enter_ossuary_2, kennysheep_another_room,
          hangedman_abyss_or_decor_stabs, feat_on_display, uniq_eustachio
D:6:      layout_gridville, yredelemnul_altar_generic,
          minmay_temple_entry_statues_pillars
D:7:      layout_basic, nrook_loot_triangle, lemuel_another_geyser
D:8:      layout_layer_cave, serial_shops, nicolae_square_shop
D:9:      layout_roguey, serial_shops, nicolae_shop_statue_plus, nrook_uturn,
          minmay_misc_feat_ornament, minmay_fountain_box, lemuel_flame_loot_1,
          uniq_grum
D:10:     layout_cave_pools, dpeg_lair_monsters, serial_bayou,
          serial_bayou_lake_a, serial_bayou_pond_c, serial_bayou_pond_c,
          serial_bayou_shore_b, serial_bayou_shore_a, uniq_snorg
Temple:   kilobyte_greek_temple

Skill      XL: |  1  2  3  4  5  6  7  8  9 10 |
---------------+-------------------------------+-----
Unarmed Combat | 4 5 7 9 10 | 10.0
Stealth        | 1 2 |  2.0
Poison Magic   | 2 |  2.0
Fighting       | 3 5 |  5.3
Dodging        | 3 5 |  5.3
Transmutations | 3 5 6 8 |  8.0
Ice Magic      | 2 4 |  4.0
Spellcasting   | 4 |  4.0

Action                   |  1- 3 |  4- 6 |  7- 9 | 10-12 || total
-------------------------+-------+-------+-------+-------++-------
Melee: Unarmed           |    31 |    67 |   231 |   145 ||   474
       Kick              |    19 |     6 |     5 |     1 ||    31
       Constrict         |    15 |     5 |     8 |       ||    28
       Tentacles         |     9 |     1 |     6 |     1 ||    17
       Punch             |     1 |     1 |       |       ||     2
       Short sword       |    36 |       |       |       ||    36
       Dagger            |    19 |    21 |    17 |       ||    57
 Fire: Hunting sling     |       |    24 |   152 |       ||   176
 Cast: Beastly Appendage |    27 |     7 |     5 |     1 ||    40
       Spider Form       |       |    15 |    52 |    14 ||    81
       Ice Form          |       |       |       |     4 ||     4
Invok: Potion Petition   |       |       |       |     1 ||     1
  Use: Potion            |       |     3 |       |       ||     3
       Scroll            |       |     9 |     6 |     7 ||    22
 Stab: Sleeping          |     8 |     3 |     9 |       ||    20
       Distracted        |       |     1 |       |       ||     1
Armor: Skin              |     8 |     5 |    10 |    10 ||    33
Dodge: Dodged            |    38 |    72 |   236 |   125 ||   471

Table legend: (Time is in decaauts)
 A = Elapsed time spent in this place.
 B = Non-inter-level travel time spent in this place.
 C = Inter-level travel time spent in this place.
 D = Time resting spent in this place.
 E = Time spent auto-exploring this place.
 F = Levels seen in this place.
 G = Mean time per level.
                   A        B        C        D        E       F      G
               +--------+--------+--------+--------+--------+-----+--------+
         Total |  14385 |  13565 |    820 |   4808 |   4850 |  12 | 1198.8 |
       Dungeon |  13337 |  12554 |    783 |   4549 |   4746 |  10 | 1333.7 |
        Temple |    173 |    136 |     37 |      0 |    104 |   1 |  173.0 |
       Ossuary |    874 |    874 |      0 |    259 |      0 |   1 |  874.0 |
               +--------+--------+--------+--------+--------+-----+--------+

Top non-repeatable levels by time:
     D:9: 2780 daAuts
     D:1: 2006 daAuts
     D:4: 1491 daAuts
     D:8: 1411 daAuts
     D:6: 1241 daAuts
     D:7: 1217 daAuts
     D:5: 1040 daAuts
 Ossuary: 874 daAuts
     D:2: 859 daAuts
     D:3: 733 daAuts
    D:10: 555 daAuts
  Temple: 173 daAuts
